 Dungeon Crawl Stone Soup version 0.25.0-9-g26727b657a (webtiles) character file.

Game seed: 11101111279469041048

84 Delamore the Cudgeler (level 4, -1/28 HPs)
             Began as a Gargoyle Fighter on June 17, 2020.
             Slain by Sigmund
             ... wielding a +2 vorpal scythe
              (7 damage)
             ... on level 2 of the Dungeon.
             The game lasted 00:01:25 (1606 turns).

Delamore the Cudgeler (Gargoyle Fighter)            Turns: 1606, Time: 00:01:25

Health: -1/28      AC: 10    Str: 21    XL:     4   Next: 45%
Magic:  4/4        EV:  7    Int:  4    God:
Gold:   29         SH:  9    Dex:  9    Spells: 3/3 levels left

rFire    . . .     SeeInvis .   a - +0 flail
rCold    . . .     Gourm    .   c - +0 kite shield
rNeg     + . .     Faith    .   b - +0 scale mail
rPois    ∞         Spirit   .   (no helmet)
rElec    +         Reflect  .   (no cloak)
rCorr    .         Harm     .   (no gloves)
MR       .....                  (no boots)
Stlth    ..........             (no amulet)
HPRegen  0.09/turn              k - -4 ring of intelligence (curse)
MPRegen  0.09/turn              (no ring)

@: mighty
A: negative energy resistance 1, electricity resistance, unbreathing,
petrification resistance, rot immunity, AC +3
a: no special abilities


You were on level 2 of the Dungeon.
You were not hungry.

You visited 1 branch of the dungeon, and saw 2 of its levels.

You collected 29 gold pieces.

Inventory:

Hand Weapons
 a - a +0 flail (weapon)
Armour
 b - a +0 scale mail (worn)
 c - a +0 kite shield (worn)
 j - a +0 chain mail
Jewellery
 k - a cursed -4 ring of intelligence (left hand)
Scrolls
 e - a scroll of noise {unknown}
 g - 2 scrolls of teleportation {unknown}
 h - 2 scrolls of magic mapping {unknown}
 i - a scroll of blinking {unknown}
 o - a scroll of enchant weapon {unknown}
 q - a scroll of remove curse {unknown}
Potions
 l - 2 potions of heal wounds {unknown}
 m - a potion of curing {unknown}
 n - a potion of mutation {unknown}
 r - a potion of lignification {unknown}
 s - a potion of flight {unknown}
Comestibles
 f - 4 rations
 p - 3 chunks of flesh


   Skills:
 - Level 3.2 Fighting
 + Level 4.5 Maces & Flails
 - Level 3.2 Armour
 - Level 3.2 Shields


You had 3 spell levels left.
You didn't know any spells.
Your spell library was empty.

Dungeon Overview and Level Annotations

Branches:
Dungeon (2/15)

Altars:

Annotations:
D:2 Sigmund


Innate Abilities, Weirdness & Mutations

You are resistant to torment.
Your stone body is resilient. (AC +3)
You are immune to poison.
You resist negative energy. (rN+)
You are resistant to electric shocks. (rElec)
You can survive without breathing.
You are immune to petrification.
You are immune to rotting.


Message History

The frilled lizard bites you but does no damage.
The frilled lizard closely misses you.
Sigmund hits you from afar with a +2 vorpal scythe!
Things that are here:
a +0 dagger; a kobold corpse You hit Sigmund but do no damage.
Sigmund casts a spell at you. The puff of flame hits you!
* * * LOW HITPOINT WARNING * * *
The frilled lizard bites you but does no damage.
You block Sigmund's attack.
Sorry, you're not good enough to have a special ability.
You feel very mighty all of a sudden.
The frilled lizard unfolds its giant frill.
The frilled lizard bites you but does no damage.
You barely miss Sigmund. The frilled lizard barely misses you.
Sigmund gestures at you while chanting. You resist with some effort.
Sigmund hits you with a +2 vorpal scythe!
You die...

...............#.#........##.#
##.......####.##.#........##.#
...................>..#.#.##.#
##.....###.##.##.#.#....#.##.#
##.....# #.##.<#.#.######.##.####
##.....###.#####.#.........#....#
########.............#########.##
.# #.#.#####@......# #.#
.#######.#.#.#..@## #.#
.............#..#l# #.#
....####.#.#.##.##...# #.#
.......#.#.......#.#(# #.#
.......# #.####.##.. # #.#
.......# #.# #.# ### #.# .......#
#.. ... #.# .......# #.# ##.. #.#
.......# #. ### #.#


You could see Sigmund and a frilled lizard.

Vanquished Creatures
  Terence (D:2)
  2 adders (D:2)
  An ooze (D:1)
  2 worms (D:2)
  A dart slug (D:1)
  2 leopard geckos (D:1)
  A bat (D:1)
  A giant cockroach (D:2)
  2 hobgoblins
  7 jackals (D:1)
  5 kobolds
  A frilled lizard (D:1)
  2 goblins
  A rat (D:1)
29 creatures vanquished.

Notes
Turn   | Place    | Note
-------+----------+-------------------------------------------
     0 | D:1      | Delamore the Gargoyle Fighter began the quest for the Orb.
     0 | D:1      | Reached XP level 1. HP: 14/14 MP: 1/1
   256 | D:1      | Reached XP level 2. HP: 14/19 MP: 2/2
   445 | D:1      | Reached skill level 3 in Maces & Flails
   547 | D:1      | Reached XP level 3. HP: 12/23 MP: 3/3
   995 | D:2      | Noticed Terence
   999 | D:2      | Killed Terence
   999 | D:2      | Reached skill level 4 in Maces & Flails
  1025 | D:2      | Reached XP level 4. HP: 21/28 MP: 4/4
  1592 | D:2      | Noticed Sigmund
  1606 | D:2      | Slain by Sigmund

Illustrated notes

Levels and vault maps discovered:
D:1:      sevenhm_arrival_forest_fort_large_3, layout_basic
D:2:      minmay_chambers_of_ones, layout_basic, bloody_trog,
          minmay_heptomino_d4, uniq_sigmund, uniq_terence

Skill      XL: |  1  2  3 |
---------------+----------+-----
Maces & Flails | 3 4 |  4.5
Fighting       | |  3.2
Armour         | |  3.2
Shields        | |  3.2

Action                   |  1- 3 |  4- 6 || total
-------------------------+-------+-------++-------
Melee: Flail             |    87 |    36 ||   123
  Use: Potion            |       |     1 ||     1
  Eat: Chunk             |       |     2 ||     2
Armor: Scale mail        |    68 |    23 ||    91
Dodge: Dodged            |    37 |    12 ||    49
Block: Kite shield       |    58 |     9 ||    67
